 Dungeon Crawl Stone Soup version 0.29-a0-323-g050149af67 (webtiles) character file.

Game seed: 9923201092688209273

3001 kae the Gusty (level 9, -2/74 HPs)
             Began as an Ogre Air Elementalist on Apr 11, 2022.
             Was an Initiate of Gozag.
             Slain by an orc warlord
             ... wielding a +0 great mace
              (21 damage)
             ... in a bailey.
             The game lasted 00:09:49 (10127 turns).

kae the Gusty (Ogre Air Elementalist)              Turns: 10127, Time: 00:09:49

Health: -2/74      AC:  4    Str: 14    XL:     9   Next: 84%
Magic:  2/18       EV: 10    Int: 20    God:    Gozag
Gold:   432        SH:  0    Dex: 15    Spells: 11/21 levels left

rFire   + . .      SeeInvis .   m - staff of air
rCold   + . .      Faith    .   (no shield)
rNeg    . . .      Spirit   .   e - +1 robe {Will+}
rPois   +          Reflect  .   (helmet restricted)
rElec   +          Harm     .   (no cloak)
rCorr   +          Rampage  .   (gloves unavailable)
Will    +....                   (boots unavailable)
Stlth   ++........              (no amulet)
HPRegen 0.22/turn               g - +6 ring of dexterity
MPRegen 0.16/turn               o - ring of poison resistance

@: about to teleport, resistant, gold aura
A: large, unfitting armour, tough skin 1
a: Renounce Religion, Potion Petition, Call Merchant, Bribe Branch


You were in a bailey.
You worshipped Gozag.
Gozag was aware of your devotion.
You visited 2 branches of the dungeon, and saw 8 of its levels.
You also visited: Bailey.

You collected 617 gold pieces.
You spent 78 gold pieces at shops.
You paid 107 gold pieces to Gozag.

Inventory:

Hand Weapons
 a - a +0 spear
 c - a +2 whip of draining
Armour
 e - a +1 robe of willpower (worn)
Magical Staves
 m - a staff of air (weapon)
Jewellery
 b - a +6 ring of strength
 g - a +6 ring of dexterity (left hand)
 o - a ring of poison resistance (right hand)
 r - a ring of fire
Wands
 l - a wand of digging (4)
Scrolls
 d - a scroll of blinking {unknown}
 h - a scroll of fear {unknown}
 p - a scroll of fog
 q - a scroll of teleportation
Potions
 f - a potion of flight
 j - a potion of haste
 k - 2 potions of curing
 n - a potion of attraction
 t - a potion of brilliance


   Skills:
 + Level 4.8 Staves
 - Level 1.7 Dodging
 - Level 1.4 Stealth
 + Level 6.6 Spellcasting
 + Level 5.0 Conjurations
 * Level 7.8 Air Magic
 + Level 4.0 Evocations


You had 11 spell levels left.
You knew the following spells:

 Your Spells              Type           Power      Damage    Failure   Level
a - Shock                 Conj/Air       100%       1d9       1%          1
b - Static Discharge      Conj/Air       48%        N/A       1%          2
c - Swiftness             Air            55%        N/A       1%          3
d - Airstrike             Air            27%        N/A       3%          4

Your spell library contained the following spells:

 Spells                   Type           Power      Damage    Failure   Level
 Conjure Flame            Conj/Fire      16%        6-21      11%         3
 Ignite Poison            Fire/Tmut/Pois 6%         N/A       30%         3
 Sticky Flame             Conj/Fire      16%        2d4       34%         4


Dungeon Overview and Level Annotations

Branches:
Dungeon (7/15)             Temple (1/1) D:6          Bailey (1/1)

Altars:
Cheibriados
Dithmenos
Elyvilon
Gozag
Hepliaklqana
Okawaru
Qazlal
Sif Muna
Uskayaw
Vehumet
Wu Jian
Xom
Yredelemnul
Zin

Shops:
D:2 =   D:3 !


Innate Abilities, Weirdness & Mutations

You are too large for most types of armour.
You have tough skin. (AC +1)


Message History

You barely miss the orc warrior.
The orc warrior is lightly wounded.
The orc warrior hits you with a +0 broad axe.
* * * LOW HITPOINT WARNING * * *
You hit the orc warrior but do no damage.
The orc warrior is electrocuted.
The orc warrior is moderately wounded.
The orc warrior closely misses you.
Casting: Airstrike (dangerous; 4% risk of failure)
Confirm with . or Enter, or press ? or * to list all spells.
Aiming: Airstrike (dangerous; 4% risk of failure)
Press: ? - help, Dir - move target, f - orc warrior
Aim: an orc warrior, wielding a +0 broad axe and wearing a +0 scale mail (moderately wounded, empty space bonus: 6/8)
You feel a surge of power!
The air twists around and strikes the orc warrior!
The orc warrior is almost dead.
The orc warrior misses you.
You feel better.
The orc warrior hits you but does no damage.
You feel better.
The orc warrior hits you with a +0 broad axe!
It was a potion of resistance.
You feel protected.
The orc warrior hits you with a +0 broad axe!
* * * LOW HITPOINT WARNING * * *
You hit the orc warrior but do no damage.
The orc warrior is electrocuted!
You kill the orc warrior!
Your Evocations skill increases to level 4!
Unknown command.
You now have 432 gold pieces (gained 6).
Things that are here:
a +0 broad axe; a +0 scale mail The orc warlord shouts!
As you read the scroll of teleportation, it crumbles to dust.
You feel strangely unstable.
The orc warlord attacks as you move away!
The orc warlord hits you with a +0 great mace!!
You die...
Your body crumbles into a pile of gold.

.'......)).'.....).#
..##.......##.......##
.. #.......#).)......#
##.....##....)....##
#######.....⌠.....# $$
$$##.........##


$$$$$ #...))....# ##..o....## #..@)$$.# ##...$.## ####'## ##..$$.## #.......#
##.$.$...## #.........# ##.........## #.....⌠.....# You could see an orc
warlord.

Vanquished Creatures
  An orc knight (Bailey)
  Menkaure (D:6)
  An ogre (D:5)
  2 sky beasts
  12 orc warriors (Bailey)
  2 centaurs
  A phantom (D:6)
  2 scorpions
  A howler monkey (D:6)
  A hound (D:6)
  A jelly (D:5)
  3 orc priests
  2 iguanas
  7 orc wizards
  Ijyb (D:5)
  7 gnolls
  9 adders
  2 dart slugs
  22 orcs
  7 ball pythons
  5 bats
  6 endoplasms
  4 giant cockroaches
  25 goblins
  11 hobgoblins
  6 jackals
  3 quokkas
  3 frilled lizards
  6 kobolds
  3 rats
157 creatures vanquished.

Notes
Turn   | Place    | Note
-------+----------+-------------------------------------------
     0 | D:1      | kae the Ogre Air Elementalist began the quest for the Orb.
     0 | D:1      | Reached XP level 1. HP: 16/16 MP: 3/3
    83 | D:1      | Reached skill level 1 in Conjurations
   387 | D:1      | Reached skill level 3 in Air Magic
   387 | D:1      | Reached XP level 2. HP: 24/24 MP: 3/5
   390 | D:1      | Learned a level 2 spell: Static Discharge
  1235 | D:1      | Reached XP level 3. HP: 12/31 MP: 0/7
  1239 | D:1      | Learned a level 3 spell: Swiftness
  1884 | D:2      | Found a faded altar of an unknown god.
  1963 | D:2      | Found Guyryced's Jewellery Boutique.
  2190 | D:2      | Reached XP level 4. HP: 39/39 MP: 5/8
  2614 | D:2      | Reached skill level 4 in Air Magic
  3057 | D:3      | Reached XP level 5. HP: 45/45 MP: 4/10
  3134 | D:3      | Learned a level 4 spell: Airstrike
  3585 | D:3      | Found Xuqal's Distillery.
  3594 | D:3      | Bought a potion of curing for 39 gold pieces
  3594 | D:3      | Bought a potion of lignification for 39 gold pieces
  3766 | D:3      | Found a basalt altar of Yredelemnul.
  4321 | D:4      | Reached XP level 6. HP: 53/53 MP: 9/11
  4424 | D:4      | Reached skill level 1 in Staves
  4747 | D:4      | Reached skill level 1 in Evocations
  4825 | D:4      | Found a hide-covered altar of Uskayaw.
  5071 | D:5      | Entered Level 5 of the Dungeon
  5132 | D:5      | Reached XP level 7. HP: 11/59 MP: 0/13
  5398 | D:5      | Reached skill level 5 in Air Magic
  5521 | D:5      | Noticed Ijyb
  5527 | D:5      | Killed Ijyb
  5881 | D:5      | Found a glowing silver altar of Zin.
  5881 | D:5      | Noticed an angel
  6775 | D:5      | Reached XP level 8. HP: 45/67 MP: 6/15
  6907 | D:6      | Reached skill level 5 in Spellcasting
  7307 | D:6      | Reached skill level 6 in Air Magic
  7862 | D:6      | Found a radiant altar of Vehumet.
  7935 | D:6      | Found a staircase to the Ecumenical Temple.
  7944 | D:6      | Noticed Menkaure
  7946 | D:6      | Killed Menkaure
  7975 | Temple   | Entered the Ecumenical Temple
  8094 | Temple   | Became a worshipper of Gozag Ym Sagoz the Greedy
  8355 | D:7      | Found a flagged portal.
  8439 | Bailey   | Entered a bailey
  8888 | Bailey   | Reached XP level 9. HP: 74/74 MP: 6/17
  9075 | Bailey   | Reached skill level 7 in Air Magic
  9355 | Bailey   | Noticed an orc knight
  9386 | Bailey   | Killed an orc knight
  9812 | Bailey   | Reached skill level 5 in Conjurations
 10093 | Bailey   | Noticed an orc warlord
 10127 | Bailey   | Slain by an orc warlord

Illustrated notes

Levels and vault maps discovered:
D:1:      evilmike_arrival_crescent, layout_basic
D:2:      layout_rooms, hellmonk_ecumenical_altar_blasted, serial_shops,
          nicolae_shop_waterfront, kennysheep_donut
D:3:      layout_loops_ring, lemuel_doored_altar, serial_shops,
          nicolae_lakefront_shop
D:4:      layout_rooms, kennysheep_little_box, serial_park_tiny_2
D:5:      layout_cave_pools, zin_angel, st_stairs_10, uniq_ijyb
D:6:      layout_loops_corners, vehumet_crystals,
          minmay_temple_entry_sparse_star, uniq_menkaure
D:7:      minmay_the_grid_triangle_9x9_rhombus_thin
          [minmay_the_grid_triangle_9x9_limited_checkers,
          minmay_the_grid_triangle_9x9_prize_top_heavy,
          minmay_the_grid_triangle_9x9_descending_squares,
          minmay_the_grid_triangle_9x9_from_above], layout_gridville,
          enter_bailey_3, kennysheep_windowed_goal, uniq_prince_ribbit1
Temple:   eino_temple_lava
Bailey:   bailey_axe_minmay_hex_keep, bailey

Skill      XL: |  1  2  3  4  5  6  7  8  9 |
---------------+----------------------------+-----
Conjurations   | 1 2 3 4 5 |  5.0
Air Magic      | 3 4 5 6 7 |  7.8
Spellcasting   | 3 4 5 6 |  6.6
Staves         | 1 2 3 4 |  4.8
Evocations     | 1 2 3 4 |  4.0
Dodging        | |  1.7
Stealth        | |  1.4

Action                   |  1- 3 |  4- 6 |  7- 9 || total
-------------------------+-------+-------+-------++-------
Melee: Unarmed           |    31 |       |       ||    31
       Whip              |     4 |    11 |       ||    15
       Staff             |       |     8 |    67 ||    75
 Cast: Shock             |    81 |    91 |   156 ||   328
       Static Discharge  |       |    21 |    12 ||    33
       Airstrike         |       |       |    38 ||    38
       Swiftness         |       |       |     1 ||     1
Evoke: Wand              |       |       |     8 ||     8
  Use: Scroll            |     3 |     5 |     7 ||    15
       Potion            |       |     3 |    10 ||    13
Armor: Robe              |    20 |    10 |    32 ||    62
       Skin              |       |       |    11 ||    11
Dodge: Dodged            |    33 |    17 |    52 ||   102

Table legend: (Time is in decaauts)
 A = Elapsed time spent in this place.
 B = Non-inter-level travel time spent in this place.
 C = Inter-level travel time spent in this place.
 D = Time resting spent in this place.
 E = Time spent auto-exploring this place.
 F = Levels seen in this place.
 G = Mean time per level.
                   A        B        C        D        E       F      G
               +--------+--------+--------+--------+--------+-----+--------+
         Total |  10128 |   9958 |    170 |   1792 |   6850 |   9 | 1125.3 |
       Dungeon |   8327 |   8176 |    151 |   1552 |   5700 |   7 | 1189.6 |
        Temple |    128 |    109 |     19 |      0 |    105 |   1 |  128.0 |
        Bailey |   1672 |   1672 |      0 |    240 |   1044 |   1 | 1672.0 |
               +--------+--------+--------+--------+--------+-----+--------+

Top non-repeatable levels by time:
  Bailey: 1672 daAuts
     D:2: 1623 daAuts
     D:4: 1413 daAuts
     D:1: 1323 daAuts
     D:6: 1314 daAuts
     D:5: 1264 daAuts
     D:3: 1264 daAuts
  Temple: 128 daAuts
     D:7: 124 daAuts
